 Dungeon Crawl Stone Soup version 0.31-a0-889-g1a8549509d (webtiles) character file.

Game seed: 2649391297382675338

141 Arzdou the Ruffian (level 5, 0/37 HPs)
             Began as a Demonspawn Shapeshifter on Oct 16, 2023.
             Slain by Crazy Yiuf
             ... wielding a +4 quarterstaff of chaos
              (5 damage)
             ... on level 3 of the Dungeon.
             The game lasted 00:07:19 (2939 turns).

Arzdou the Ruffian (Demonspawn Shapeshifter)        Turns: 2939, Time: 00:07:20

Health: 0/37       AC:  3    Str: 17    XL:     5   Next: 3%
Magic:  0/5        EV: 12    Int: 11    God:
Gold:   111        SH:  0    Dex: 18    Spells: 4/4 levels left

rFire   . .          .
                       - Unarmed
rCold   . . .        (no shield)
rNeg    . . .        i - +0 leather armour
rPois   .            (helmet currently unavailable)
rElec   .            (cloak currently unavailable)
rCorr   .            (gloves currently unavailable)
SInv    .            (boots currently unavailable)
Will    .....        p - amulet of guardian spirit
Stlth   +            m - +6 ring of dexterity
HPRegen 0.26/turn    (no ring)
MPRegen 0.18/turn

%: guardian spirit
@: lethally poisoned (0 -> -7), beast-form
A: beast (slay +2), spiny 1, magic regeneration, weakness stinger 1
a: Begin Untransformation


You were on level 3 of the Dungeon.
You were a hulking beast.
You visited 1 branch of the dungeon, and saw 3 of its levels.

You collected 111 gold pieces.

Inventory:

Missiles
 g - 2 javelins (quivered)
 s - a throwing net
Armour
 a - a +0 animal skin
 i - a +0 leather armour (worn)
 r - a +0 robe of positive energy
 u - a +1 pair of boots
Jewellery
 m - a +6 ring of dexterity (left hand)
 p - an amulet of guardian spirit (around neck)
Talismans
 c - a beast talisman (active)
 d - a flux talisman
 l - a serpent talisman
Wands
 v - a wand of flame (7)
 z - a wand of polymorph (8)
Scrolls
 f - a scroll of vulnerability {unknown}
 k - 2 scrolls of teleportation
 n - 2 scrolls of identify {unknown}
 q - a scroll of immolation {unknown}
 t - a scroll of fog {unknown}
 w - a scroll of revelation {unknown}
 y - a scroll of enchant armour {unknown}
Potions
 b - a potion of lignification
 e - a potion of ambrosia {unknown}
 h - a potion of mutation {unknown}
 j - a potion of haste {unknown}
 o - 2 potions of heal wounds {unknown}
 x - a potion of enlightenment {unknown}


   Skills:
 - Level 1.0 Fighting
 - Level 2.0 Throwing
 - Level 1.7 Dodging
 + Level 3.8 Unarmed Combat
 + Level 3.6 Shapeshifting


You had 4 spell levels left.
You didn't know any spells.
Your spell library was empty.

Dungeon Overview and Level Annotations

Branches:
Dungeon (3/15)

Altars:
Kikubaaqudgha

Annotations:
D:3 Crazy Yiuf


Innate Abilities, Weirdness & Mutations

You are a hulking beast.
Your limbs bulge with bestial killing power. (Slay +2)
You are partially covered in sharp spines.
You regenerate magic rapidly.
You have a small tail.


Message History

Found a stone staircase leading down.
You now have 93 gold pieces (gained 6).
There is a stone staircase leading down here.
n - 2 scrolls labelled DYRINKATOL (gained 1)
Found a stone staircase leading down.
Found a falchion.
You now have 103 gold pieces (gained 10).
You now have 111 gold pieces (gained 8).
Found a hammer.
Found a runed translucent door.
Crazy Yiuf shouts!
As you open the door, it creaks loudly!
Crazy Yiuf yells, "Ten pizzabubble infinity!"
You hit Crazy Yiuf.
Crazy Yiuf is moderately wounded.
Crazy Yiuf laughs, "Lugonu unthinkable sing!"
Crazy Yiuf misses you.
You hit Crazy Yiuf but do no damage.
You tail-slap Crazy Yiuf, but do no damage.
Crazy Yiuf is moderately wounded.
Crazy Yiuf whimpers, "Key aubergine cower!"
Crazy Yiuf closely misses you.
You hit Crazy Yiuf.
Crazy Yiuf is moderately wounded.
Crazy Yiuf hits you with a +4 quarterstaff of chaos!
You are poisoned.
You hit Crazy Yiuf.
Your tail-slap misses Crazy Yiuf.
Crazy Yiuf is severely wounded.
You feel very sick.
You hit Crazy Yiuf but do no damage.
Crazy Yiuf is severely wounded.
You feel very sick. Crazy Yiuf is struck by your spines.
Crazy Yiuf hits you with a +4 quarterstaff of chaos!
You hit Crazy Yiuf but do no damage.
Crazy Yiuf is severely wounded.
You feel sick. Crazy Yiuf is struck by your spines.
Crazy Yiuf hits you with a +4 quarterstaff of chaos!
* * * LOW HITPOINT WARNING * * *
You convulse.
You die...

#....#####..........
#....# #......##.#
#....# ##......##.#
#...## #...#.####.#
##.## #.....# #..
#.## #....## ##.
##.# #.....# ## #.##
##.#..## # ##h#
#..##..# # #g#
#.###..### # ...
#.###....### #...#
#........... #..)#
#######..... #####
#..##.......
##.#..##..##
######.......#...
#............###.


You could see Crazy Yiuf.

Vanquished Creatures
  Ijyb (D:3)
  2 orc wizards
  A dart slug (D:2)
  4 orcs
  3 ball pythons
  8 endoplasms
  3 giant cockroaches
  5 goblins
  6 hobgoblins
  7 kobolds
  2 quokkas (D:2)
  A bat (D:1)
  7 frilled lizards
  5 rats
55 creatures vanquished.

Notes
Turn   | Place    | Note
-------+----------+-------------------------------------------
     0 | D:1      | Arzdou the Demonspawn Shapeshifter began the quest for the
                  | Orb.
     0 | D:1      | Reached XP level 1. HP: 15/15 MP: 1/1
   340 | D:1      | Gained mutation: You are partially covered in sharp spines.
                  | [demonic ancestry]
   340 | D:1      | Reached XP level 2. HP: 21/21 MP: 2/2
   867 | D:2      | Reached skill level 1 in Throwing
   955 | D:2      | Gained mutation: You regenerate magic rapidly. [demonic
                  | ancestry]
   955 | D:2      | Reached XP level 3. HP: 26/26 MP: 3/3
  1529 | D:2      | Gained mutation: You have a small tail. [demonic ancestry]
  1529 | D:2      | Reached XP level 4. HP: 32/32 MP: 4/4
  2275 | D:3      | Found a faded altar of an unknown god.
  2366 | D:3      | Noticed Ijyb
  2531 | D:3      | Found an ancient bone altar of Kikubaaqudgha.
  2664 | D:3      | Killed Ijyb
  2665 | D:3      | Reached XP level 5. HP: 37/37 MP: 5/5
  2929 | D:3      | Found a runed translucent door.
  2930 | D:3      | Noticed Crazy Yiuf
  2939 | D:3      | Slain by Crazy Yiuf

Illustrated notes

Levels and vault maps discovered:
D:1:      dpeg_arrival_ternary, layout_loops_cross
D:2:      minmay_alternating_diamond, layout_rooms
D:3:      layout_rooms, mainiacjoe_overflow_surrounded_room,
          ebering_ecumenical_altar_rust, minmay_misc_feat_pillars,
          uniq_crazy_yiuf_cottage, uniq_ijyb

Skill      XL: |  1  2  3  4 |
---------------+-------------+-----
Unarmed Combat | 3 |  3.8
Shapeshifting  | 3 |  3.6
Throwing       | 1 2 |  2.0
Fighting       | |  1.0
Dodging        | |  1.7

Action                     |  1- 3 |  4- 6 || total
---------------------------+-------+-------++-------
  Melee: Unarmed           |    90 |    39 ||   129
         Punch             |     1 |       ||     1
         Tailslap          |       |     2 ||     2
  Evoke: Wand              |       |     7 ||     7
    Use: Scroll            |       |     1 ||     1
   Stab: Sleeping          |     2 |       ||     2
         Confused          |       |     2 ||     2
 Armour: Leather armour    |    32 |    11 ||    43
         Animal skin       |     2 |       ||     2
         Skin              |       |     4 ||     4
  Dodge: Dodged            |    34 |    16 ||    50

Table legend: (Time is in decaauts)
 A = Elapsed time spent in this place.
 B = Non-inter-level travel time spent in this place.
 C = Inter-level travel time spent in this place.
 D = Time resting spent in this place.
 E = Time spent auto-exploring this place.
 F = Levels seen in this place.
 G = Mean time per level.
                   A        B        C        D        E       F      G
               +--------+--------+--------+--------+--------+-----+--------+
         Total |   2923 |   2862 |     61 |    879 |   1391 |   3 |  974.3 |
       Dungeon |   2923 |   2862 |     61 |    879 |   1391 |   3 |  974.3 |
               +--------+--------+--------+--------+--------+-----+--------+

Top non-repeatable levels by time:
     D:2: 1425 daAuts
     D:1: 842 daAuts
     D:3: 655 daAuts
